[Event "XII Paracin Festival 2019"]
[Site "Paracin"]
[Date "2019.07.06"]
[Round "3.24"]
[White "Sahil, Tickoo"]
[Black "Harvey, Marcus R"]
[Result "0-1"]
[ECO "E32"]
[WhiteElo "2187"]
[BlackElo "2402"]
[Annotator "NA"]
[PlyCount "118"]
[EventDate "2019.07.05"]
[EventType "swiss"]
[EventCountry "SRB"]
[SourceTitle "playchess.com"]
[Source "ChessBase"]
[SourceQuality "1"]
[TimeControl "5400+30"]

1. d4 Nf6 2. c4 e6 3. Nc3 Bb4 4. Qc2 O-O 5. a3 Bxc3+ 6. Qxc3 b6 7. Bg5 Bb7 8. f3 h6 9. Bh4 c5 10. dxc5 bxc5 11. e3 Nc6 12. Bxf6 Qxf6 13. Qxf6 gxf6 14. Ne2 Rfd8 15. Nc3 d6 16. Be2 Kf8 17. Kf2 Ke7 18. Rhd1 f5 19. f4 Rd7 20. h3 Rb8 21. g4 fxg4 22. hxg4 Ba8 23. Rd2 Na5 24. Rg1 Bc6 25. Na2 Nb3 26. Rc2 Be4 27. Rc3 a5 28. Bd3 Bxd3 29. Rxd3 a4 30. Nc3 Na5 31. Nxa4 Nxc4 32. b3 Nxa3 33. Rh1 Rb4 34. Nb2 Rdb7 35. Rxh6 Rxb3 36. Rxb3 Rxb3 37. Nd1 c4 38. Ke2 c3 39. Rh1 Rb1 40. Nf2 c2 41. Kd2 Rxh1 42. Nxh1 Nc4+ 43. Kxc2 Nxe3+ 44. Kd3 Nxg4 45. Ng3 f5 46. Kd4 Nf6 47. Ke3 Kf7 48. Kf3 Kg6 49. Ne2 e5 50. fxe5 dxe5 51. Ng3 f4 52. Nf1 Kf5 53. Kg2 e4 54. Nh2 Ng4 55. Nf1 e3 56. Kf3 Ne5+ 57. Ke2 Ke4 58. Nh2 f3+ 59. Kf1 e2+ 0-1

[Event "XII Paracin Festival 2019"]
[Site "Paracin"]
[Date "2019.07.06"]
[Round "3.25"]
[White "Arsovic, Zoran"]
[Black "Mammadov, Mustafa"]
[Result "1/2-1/2"]
[ECO "E94"]
[WhiteElo "2398"]
[BlackElo "2005"]
[Annotator "NA"]
[PlyCount "77"]
[EventDate "2019.07.05"]
[EventType "swiss"]
[EventCountry "SRB"]
[SourceTitle "playchess.com"]
[Source "ChessBase"]
[SourceQuality "1"]
[TimeControl "5400+30"]

1. Nf3 Nf6 2. c4 g6 3. Nc3 Bg7 4. e4 d6 5. d4 O-O 6. Be2 e5 7. O-O exd4 8. Nxd4 Re8 9. f3 c6 10. Bf4 Na6 11. Kh1 d5 12. cxd5 cxd5 13. Bb5 Bd7 14. exd5 Nc7 15. Bc4 b5 16. Ndxb5 Nxb5 17. Nxb5 Nh5 18. Qd2 Nxf4 19. Qxf4 Be5 20. Qd2 Rc8 21. Bd3 Rc5 22. Nc3 Bxc3 23. bxc3 Rxd5 24. Qc2 Re3 25. Bc4 Rh5 26. Qd2 Qc7 27. f4 Re8 28. Be2 Rc5 29. Rac1 Rc8 30. Ba6 Rb8 31. Bd3 Rc8 32. c4 Be6 33. f5 Bxc4 34. Qh6 Qd6 35. fxg6 hxg6 36. Bxc4 Rxc4 37. Rxc4 Rxc4 38. Qe3 Qc7 39. h3 1/2-1/2

[Event "XII Paracin Festival 2019"]
[Site "Paracin"]
[Date "2019.07.06"]
[Round "3.26"]
[White "Abramovic, Bosko"]
[Black "Saksham Rautela"]
[Result "1/2-1/2"]
[ECO "D60"]
[WhiteElo "2373"]
[BlackElo "2232"]
[Annotator "NA"]
[PlyCount "95"]
[EventDate "2019.07.05"]
[EventType "swiss"]
[EventCountry "SRB"]
[SourceTitle "playchess.com"]
[Source "ChessBase"]
[SourceQuality "1"]
[TimeControl "5400+30"]

1. c4 Nf6 2. Nc3 e6 3. Nf3 d5 4. d4 Be7 5. Bg5 O-O 6. e3 Nbd7 7. Bd3 c5 8. cxd5 Nxd5 9. Bxe7 Nxe7 10. O-O cxd4 11. Nxd4 Nf6 12. Qc2 Ned5 13. Nxd5 Qxd5 14. Rfd1 Bd7 15. Qc4 Qxc4 16. Bxc4 Rac8 17. Rac1 Rfd8 18. h3 Kf8 19. Be2 Ke7 20. f4 Nd5 21. Kf2 Nb4 22. a3 Rxc1 23. Rxc1 Nc6 24. Nb5 a6 25. Nc3 Rc8 26. Ne4 Na7 27. Rxc8 Nxc8 28. Nc5 Nd6 29. e4 Bc6 30. Bd3 a5 31. e5 Ne8 32. g3 b6 33. Nb3 h5 34. Nd2 Nc7 35. Be2 g6 36. Nc4 Na8 37. Bf3 Kd7 38. Nd6 Bxf3 39. Kxf3 f6 40. Nf7 Ke7 41. Nh8 g5 42. g4 h4 43. Ke4 Nc7 44. Ng6+ Kf7 45. f5 Na6 46. Nh8+ Ke7 47. Ng6+ Kf7 48. Nh8+ 1/2-1/2

[Event "XII Paracin Festival 2019"]
[Site "Paracin"]
[Date "2019.07.06"]
[Round "3.27"]
[White "Baglan, Esat"]
[Black "Tanishka Kotia"]
[Result "1-0"]
[ECO "B01"]
[WhiteElo "2336"]
[BlackElo "1942"]
[Annotator "NA"]
[PlyCount "113"]
[EventDate "2019.07.05"]
[EventType "swiss"]
[EventCountry "SRB"]
[SourceTitle "playchess.com"]
[Source "ChessBase"]
[SourceQuality "1"]
[TimeControl "5400+30"]

1. e4 d5 2. exd5 Nf6 3. Nf3 Nxd5 4. d4 Bg4 5. h3 Bh5 6. c4 Nb6 7. Nc3 e6 8. g4 Bg6 9. Ne5 c6 10. h4 Bb4 11. Bg2 f6 12. Nxg6 hxg6 13. Qd3 f5 14. Bf4 Rxh4 15. O-O-O Rxg4 16. Rh8+ Bf8 17. Qe3 Qf6 18. Bf1 g5 19. Be5 Qf7 20. c5 Nd5 21. Nxd5 cxd5 22. Bxb8 Rxb8 23. f3 Rf4 24. Qe5 Rc8 25. Bb5+ Ke7 26. Re1 a6 27. Qxd5 Rd8 28. Qxb7+ Kf6 29. Qxa6 g4 30. fxg4 Rdxd4 31. Rxe6+ Qxe6 32. Rxf8+ Ke5 33. Re8 Rf1+ 34. Kc2 Rf2+ 35. Kc1 Rf1+ 36. Bxf1 Qxe8 37. gxf5 Kxf5 38. Bd3+ Kf4 39. c6 Qe1+ 40. Kc2 Qf2+ 41. Kc3 Ke5 42. Qb5+ Rd5 43. Qb8+ Rd6 44. Qe8+ Re6 45. Qb8+ Rd6 46. Bb5 Qd2+ 47. Kb3 Qd5+ 48. Ka3 Qc5+ 49. Ka4 Kf6 50. b4 Qc2+ 51. Ka5 Qxa2+ 52. Kb6 Qd2 53. Qf8+ Kg6 54. Qe8+ Kh6 55. Kb7 Qxb4 56. c7 Rd5 57. Qe6+ {Rd6 Qe8 Qc5 Qh8+} 1-0

[Event "XII Paracin Festival 2019"]
[Site "Paracin"]
[Date "2019.07.06"]
[Round "3.28"]
[White "Perunovic, Milos"]
[Black "Nestorovic, Katarina"]
[Result "1-0"]
[ECO "B80"]
[WhiteElo "2597"]
[BlackElo "2179"]
[Annotator "ChessBase"]
[PlyCount "65"]
[EventDate "2019.07.05"]
[EventType "swiss"]
[EventCountry "SRB"]
[SourceTitle "playchess.com"]
[Source "ChessBase"]
[SourceQuality "1"]
[TimeControl "5400+30"]

1. e4 c5 2. Nf3 e6 3. d4 cxd4 4. Nxd4 Nf6 5. Nc3 d6 6. Be3 a6 7. g4 b5 8. g5 Nfd7 9. h4 Bb7 10. a3 Nc6 11. Nxc6 Bxc6 12. Qd4 Rc8 13. O-O-O Nc5 14. f3 a5 15. b4 axb4 16. axb4 Na6 17. Bxb5 Bxb5 18. Nxb5 Qd7 19. Na7 Rc7 20. b5 d5 21. bxa6 Ba3+ 22. Kd2 Bc5 23. Qxg7 Rf8 24. Rb1 dxe4+ 25. Ke1 Qd6 26. Bxc5 Qxc5 27. Rb8+ Kd7 28. Rxf8 Qe3+ 29. Kd1 Qxf3+ 30. Kc1 Rxc2+ 31. Kxc2 Qd3+ 32. Kb2 Qe2+ 33. Kb3 1-0

[Event "XII Paracin Festival 2019"]
[Site "Paracin"]
[Date "2019.07.06"]
[Round "3.29"]
[White "Vidic, Teja"]
[Black "Milanovic, Danilo"]
[Result "0-1"]
[ECO "B01"]
[WhiteElo "2166"]
[BlackElo "2492"]
[Annotator "ChessBase"]
[PlyCount "140"]
[EventDate "2019.07.05"]
[EventType "swiss"]
[EventCountry "SRB"]
[SourceTitle "playchess.com"]
[Source "ChessBase"]
[SourceQuality "1"]
[TimeControl "5400+30"]

1. e4 d5 2. exd5 Qxd5 3. Nc3 Qd8 4. Nf3 Bg4 5. h3 Bh5 6. d4 c6 7. Be3 e6 8. g3 Nf6 9. Bg2 Nbd7 10. O-O Bd6 11. Ne2 Bg6 12. Bf4 Qc7 13. Bxd6 Qxd6 14. Nf4 Be4 15. Re1 O-O 16. Ne5 Bxg2 17. Kxg2 Qb4 18. Nxd7 Nxd7 19. Re3 Nb6 20. Rb3 Qe7 21. a4 Rad8 22. a5 Nc4 23. Qd3 Nd6 24. Rd1 Qc7 25. Qc3 Rd7 26. Qe1 Re8 27. Nd3 Nb5 28. Nc5 Rdd8 29. Rbd3 Nd6 30. Qb4 b6 31. axb6 axb6 32. Na4 Rb8 33. Rb3 Rb7 34. Rbd3 h6 35. b3 Rbb8 36. Qe1 Ra8 37. Nc3 Red8 38. Qe5 Ra5 39. Qf4 Rf5 40. Qe3 Qb7 41. Kg1 Rh5 42. Qf3 Rf5 43. Qe3 Ra5 44. Qf4 Qe7 45. Qf3 Qd7 46. Ne2 b5 47. Nf4 b4 48. R3d2 Nf5 49. Qe4 Nd6 50. Qe2 Nb5 51. Qc4 Qd6 52. Kf1 Nc3 53. Re1 Rf5 54. Rd3 Nb5 55. Re5 Nxd4 56. Rxf5 exf5 57. Ne2 c5 58. c3 bxc3 59. b4 Qe7 60. Re3 Qb7 61. Rxc3 Nxe2 62. Kxe2 cxb4 63. Rb3 Re8+ 64. Kd2 Re4 65. Qc5 g6 66. Rd3 Re8 67. h4 b3 68. h5 b2 69. hxg6 b1=Q 70. gxf7+ Qxf7 0-1

[Event "XII Paracin Festival 2019"]
[Site "Paracin"]
[Date "2019.07.06"]
[Round "3.30"]
[White "Mehmed, Elif"]
[Black "Peng, Xiongjian"]
[Result "0-1"]
[ECO "B00"]
[WhiteElo "2164"]
[BlackElo "2467"]
[Annotator "ChessBase"]
[PlyCount "90"]
[EventDate "2019.07.05"]
[EventType "swiss"]
[EventCountry "SRB"]
[SourceTitle "playchess.com"]
[Source "ChessBase"]
[SourceQuality "1"]
[TimeControl "5400+30"]

1. e4 b6 2. d4 Bb7 3. Bd3 e6 4. f4 c5 5. c3 Nf6 6. Qe2 cxd4 7. cxd4 Nc6 8. d5 Nb4 9. Nc3 Nxd3+ 10. Qxd3 Bb4 11. Bd2 O-O 12. Nf3 exd5 13. e5 Ne4 14. Nxd5 Bxd2+ 15. Nxd2 Nc5 16. Qf3 d6 17. b4 dxe5 18. bxc5 Bxd5 19. Qf2 exf4 20. O-O bxc5 21. Qxc5 Bxg2 22. Kxg2 Qxd2+ 23. Rf2 Qe3 24. Qxe3 fxe3 25. Re2 Rfe8 26. Rae1 Re6 27. Rxe3 Rae8 28. Rxe6 Rxe6 29. Rc1 g6 30. Kf3 Ra6 31. Rc2 Kg7 32. Ke4 f5+ 33. Ke5 Ra5+ 34. Kf4 Kh6 35. Kg3 Kg5 36. Rf2 f4+ 37. Kg2 Kf5 38. Rb2 g5 39. Rc2 g4 40. Rb2 h5 41. h4 Ra3 42. Rc2 Ke4 43. Re2+ Kd3 44. Rf2 Ke3 45. Rb2 Rd3 0-1

[Event "XII Paracin Festival 2019"]
[Site "Paracin"]
[Date "2019.07.08"]
[Round "4.1"]
[White "Ivanisevic, Ivan"]
[Black "Janzelj, Tim"]
[Result "1/2-1/2"]
[ECO "D35"]
[WhiteElo "2612"]
[BlackElo "2416"]
[Annotator "RC"]
[PlyCount "141"]
[EventDate "2019.07.05"]
[EventType "swiss"]
[EventCountry "SRB"]
[SourceTitle "playchess.com"]
[Source "ChessBase"]
[SourceQuality "1"]
[TimeControl "5400+30"]

1. c4 e6 2. Nc3 d5 3. d4 Nf6 4. cxd5 Nxd5 5. Nf3 c5 6. g3 Nc6 7. Bg2 Be7 8. O-O O-O 9. Rb1 Bf6 10. dxc5 Nxc3 11. bxc3 Qa5 12. Ng5 Bxg5 13. Bxg5 Qxc5 14. Be3 Qa5 15. Qd6 Rd8 16. Qc5 Qxa2 17. Rfd1 Bd7 18. Rxb7 Be8 19. Re1 Rac8 20. Qh5 Qc4 21. h4 a5 22. Reb1 a4 23. Bxc6 Qxc6 24. Bd4 Qe4 25. Qg5 Qg6 26. Qe5 Rd5 27. Qe3 Rd7 28. Rb8 Rdd8 29. R8b6 a3 30. Ra1 Ra8 31. Kh2 a2 32. f3 Qc2 33. Qe5 f6 34. Qxe6+ Bf7 35. Qe4 Qxe4 36. fxe4 Re8 37. e3 Rxe4 38. Rb4 Ree8 39. c4 Rec8 40. c5 h5 41. Kg2 Bd5+ 42. Kf2 Kf7 43. g4 hxg4 44. Kg3 f5 45. Rb6 Rc7 46. Kf4 Be4 47. h5 Rh8 48. Rg6 Rh7 49. Rxa2 Re7 50. Raa6 Bd3 51. Rad6 Re4+ 52. Kg3 Ke7 53. Rg5 Bc2 54. Kh4 Bd3 55. Rdg6 g3+ 56. Kxg3 f4+ 57. Kf3 fxe3 58. Bxe3 Rxe3+ 59. Kxe3 Bxg6 60. hxg6 Rh4 61. Rf5 Ke6 62. Rf4 Rh6 63. Rd4 Ke5 64. Rd6 Rh3+ 65. Kd2 Rg3 66. Kc2 Rh3 67. Kb2 Rg3 68. Rd7 Rxg6 69. Kb3 Rg1 70. Kc4 g5 71. Re7+ 1/2-1/2

[Event "XII Paracin Festival 2019"]
[Site "Paracin"]
[Date "2019.07.08"]
[Round "4.2"]
[White "Asadli, Vugar"]
[Black "McPhillips, Joseph"]
[Result "1/2-1/2"]
[ECO "C03"]
[WhiteElo "2502"]
[BlackElo "2412"]
[Annotator "ChessBase"]
[PlyCount "78"]
[EventDate "2019.07.05"]
[EventType "swiss"]
[EventCountry "SRB"]
[SourceTitle "playchess.com"]
[Source "ChessBase"]
[SourceQuality "1"]
[TimeControl "5400+30"]

1. e4 e6 2. d4 d5 3. Nd2 h6 4. Ngf3 Nf6 5. Bd3 c5 6. dxc5 dxe4 7. Nxe4 Nxe4 8. Bxe4 Qxd1+ 9. Kxd1 Bxc5 10. Ke2 Nd7 11. Rd1 Nf6 12. Bd3 Ng4 13. b4 Bb6 14. Bb5+ Kf8 15. Rf1 Nf6 16. Bf4 Nd5 17. Bd6+ Kg8 18. Bd3 g5 19. c4 Nf4+ 20. Bxf4 gxf4 21. Rfd1 Bc7 22. c5 Kg7 23. Rac1 Rd8 24. Bc4 Bd7 25. b5 Be8 26. Rxd8 Bxd8 27. Nd2 Rc8 28. Nb3 Be7 29. a4 Bd7 30. Rd1 Be8 31. Rc1 Bd7 32. Bd3 f5 33. a5 e5 34. f3 Be6 35. Bc4 Bd7 36. Rd1 Be8 37. Rc1 Bd7 38. Rd1 Be8 39. b6 axb6 1/2-1/2

[Event "XII Paracin Festival 2019"]
[Site "Paracin"]
[Date "2019.07.08"]
[Round "4.3"]
[White "Song, Raymond"]
[Black "Bashirli, Nail"]
[Result "0-1"]
[ECO "E04"]
[WhiteElo "2456"]
[BlackElo "2367"]
[Annotator "ChessBase"]
[PlyCount "76"]
[EventDate "2019.07.05"]
[EventType "swiss"]
[EventCountry "SRB"]
[SourceTitle "playchess.com"]
[Source "ChessBase"]
[SourceQuality "1"]
[TimeControl "5400+30"]

1. d4 Nf6 2. c4 e6 3. g3 d5 4. Nf3 dxc4 5. Bg2 a6 6. O-O Nc6 7. e3 Bd7 8. Qe2 Bd6 9. Qxc4 O-O 10. Nbd2 e5 11. dxe5 Nxe5 12. Nxe5 Bxe5 13. Qc2 c6 14. Nb3 Qc8 15. e4 c5 16. Qxc5 Qxc5 17. Nxc5 Bb5 18. Re1 Rac8 19. Nxb7 Rc2 20. a4 Be2 21. Na5 Rfc8 22. h3 h6 23. Nb3 Bd3 24. Re3 Bc4 25. Nd2 Bd4 26. Re1 Bd3 27. Bf3 R8c7 28. Rd1 Nd7 29. Nb3 Bxf2+ 30. Kh1 Ne5 31. Bf4 Nxf3 32. Rxd3 Be3 33. g4 Bxf4 34. Rxf3 g5 35. Nd4 Rxb2 36. Nf5 Kh7 37. Rd1 Rcc2 38. Ne3 Rc3 0-1

[Event "XII Paracin Festival 2019"]
[Site "Paracin"]
[Date "2019.07.08"]
[Round "4.4"]
[White "Avalyan, Artur"]
[Black "Svetushkin, Dmitry"]
[Result "1-0"]
[ECO "E47"]
[WhiteElo "2351"]
[BlackElo "2528"]
[Annotator "ChessBase"]
[PlyCount "135"]
[EventDate "2019.07.05"]
[EventType "swiss"]
[EventCountry "SRB"]
[SourceTitle "playchess.com"]
[Source "ChessBase"]
[SourceQuality "1"]
[TimeControl "5400+30"]

1. d4 Nf6 2. c4 e6 3. Nc3 Bb4 4. e3 O-O 5. Bd3 c5 6. Nf3 b6 7. O-O Bxc3 8. bxc3 Bb7 9. Nd2 Nc6 10. Bb2 d6 11. e4 e5 12. d5 Ne7 13. g3 Ne8 14. Qe2 Bc8 15. f3 f5 16. exf5 Bxf5 17. Ne4 Ng6 18. Bc1 Qd7 19. a4 Nf6 20. Bd2 Nxe4 21. Bxe4 Kh8 22. a5 Bxe4 23. Qxe4 bxa5 24. Rxa5 Rab8 25. Ra2 Rf7 26. Kg2 Qc7 27. h4 Qd7 28. h5 Ne7 29. Rfa1 Ng8 30. Rxa7 Qxa7 31. Rxa7 Rxa7 32. Bg5 Rf7 33. Qg4 Re8 34. Kh3 Nf6 35. Bxf6 Rxf6 36. Qd7 Ra8 37. Qc6 Raf8 38. Kg4 g6 39. h6 g5 40. Kh5 Rg6 41. Qd7 Kg8 42. Qg4 Kh8 43. Qd7 g4 44. fxg4 Rf1 45. g5 Rh1+ 46. Kg4 Rhxh6 47. Qf7 Rg8 48. Kf3 Rhg6 49. g4 Rxg5 50. Qf6+ R5g7 51. Ke3 Re8 52. Qxd6 Rxg4 53. Qxc5 Rg3+ 54. Ke4 Rg4+ 55. Kf3 Rg6 56. Qc7 Rg7 57. Qc6 e4+ 58. Ke3 Rg3+ 59. Kd4 Rgg8 60. Qf6+ Rg7 61. Ke3 Kg8 62. Qf4 Rf7 63. Qg4+ Rg7 64. Qh4 Rc8 65. Qxe4 Rd8 66. c5 Kf8 67. Kd4 Re8 68. Qf4+ 1-0

[Event "XII Paracin Festival 2019"]
[Site "Paracin"]
[Date "2019.07.08"]
[Round "4.5"]
[White "Harvey, Marcus R"]
[Black "Korpa, Bence"]
[Result "0-1"]
[ECO "A05"]
[WhiteElo "2402"]
[BlackElo "2523"]
[Annotator "ChessBase"]
[PlyCount "66"]
[EventDate "2019.07.05"]
[EventType "swiss"]
[EventCountry "SRB"]
[SourceTitle "playchess.com"]
[Source "ChessBase"]
[SourceQuality "1"]
[TimeControl "5400+30"]

1. Nf3 Nf6 2. b3 g6 3. Bb2 Bg7 4. e3 O-O 5. c4 d6 6. d4 Nbd7 7. Be2 Re8 8. O-O c6 9. Qc2 e5 10. Nc3 e4 11. Nd2 Qe7 12. b4 h5 13. Rae1 Nf8 14. f3 exf3 15. Bxf3 Ng4 16. Nd1 Qh4 17. h3 Nh7 18. hxg4 hxg4 19. Nf2 g3 20. Nh3 Ng5 21. Bd1 Bxh3 22. gxh3 Nxh3+ 23. Kg2 Nf4+ 24. Kf3 g2 25. Rg1 Bf6 26. Ne4 Rxe4 27. Qf2 Qh5+ 28. Kxe4 Qf5+ 29. Kf3 Nh3+ 30. Kxg2 Qxf2+ 31. Kxh3 Kg7 32. Bc3 Rh8+ 33. Kg4 Rh4# 0-1

[Event "XII Paracin Festival 2019"]
[Site "Paracin"]
[Date "2019.07.08"]
[Round "4.6"]
[White "Vishnu Prasanna. V"]
[Black "Liu, Zhaoqi"]
[Result "1-0"]
[ECO "A46"]
[WhiteElo "2505"]
[BlackElo "2386"]
[Annotator "ChessBase"]
[PlyCount "113"]
[EventDate "2019.07.05"]
[EventType "swiss"]
[EventCountry "SRB"]
[SourceTitle "playchess.com"]
[Source "ChessBase"]
[SourceQuality "1"]
[TimeControl "5400+30"]

1. d4 Nf6 2. Nf3 c5 3. e3 g6 4. d5 Bg7 5. Nc3 d6 6. h3 O-O 7. Bc4 a6 8. a4 e6 9. O-O e5 10. Nd2 Ne8 11. Be2 b6 12. Rb1 f5 13. e4 a5 14. Nc4 f4 15. Nb5 h5 16. c3 Na6 17. Bd2 Rf7 18. Be1 Bf8 19. f3 g5 20. Bd3 Rb8 21. Kf2 Rh7 22. Rh1 Bd7 23. Qb3 Bxb5 24. Qxb5 Nac7 25. Qc6 Na8 26. Qb5 Nac7 27. Qb3 b5 28. axb5 Nxb5 29. Qa4 Ra7 30. Nxe5 dxe5 31. Bxb5 Nd6 32. Bc6 Qb6 33. c4 Qa6 34. Bc3 Nxc4 35. d6 Nxd6 36. Bxe5 Rb4 37. Bd5+ Kh7 38. Qd1 Bg7 39. Bc3 Bd4+ 40. Bxd4 Rxd4 41. Qc2 Nc4 42. Bxc4 Rxc4 43. Qe2 Rd4 44. Rhd1 Qb6 45. Rxd4 cxd4 46. Qd3 Re7 47. Kg1 Kg7 48. Rc1 Kf6 49. Rc8 Qb4 50. Rc6+ Ke5 51. Rc1 Qxb2 52. Rc5+ Kf6 53. Qa6+ Kf7 54. Rf5+ Kg8 55. Rxg5+ Rg7 56. Qe6+ Kf8 57. Rf5+ 1-0

[Event "XII Paracin Festival 2019"]
[Site "Paracin"]
[Date "2019.07.08"]
[Round "4.7"]
[White "Koksal, Ege"]
[Black "Stojanovic, Mihajlo"]
[Result "1/2-1/2"]
[ECO "D02"]
[WhiteElo "2368"]
[BlackElo "2483"]
[Annotator "ChessBase"]
[PlyCount "41"]
[EventDate "2019.07.05"]
[EventType "swiss"]
[EventCountry "SRB"]
[SourceTitle "playchess.com"]
[Source "ChessBase"]
[SourceQuality "1"]
[TimeControl "5400+30"]

1. d4 d5 2. Nf3 c6 3. e3 Bf5 4. Bd3 Bxd3 5. Qxd3 Nf6 6. O-O e6 7. c4 Nbd7 8. Nc3 Be7 9. b3 O-O 10. Bb2 Qc7 11. e4 dxe4 12. Nxe4 Rad8 13. Rad1 Nxe4 14. Qxe4 Rfe8 15. Qe2 h6 16. Rd3 Qa5 17. Rfd1 Ba3 18. Bc3 Bb4 19. Bb2 Ba3 20. Bc3 Bb4 21. Bb2 1/2-1/2

[Event "XII Paracin Festival 2019"]
[Site "Paracin"]
[Date "2019.07.08"]
[Round "4.8"]
[White "Kosic, Dragan"]
[Black "Nestorovic, Dejan"]
[Result "1-0"]
[ECO "A45"]
[WhiteElo "2482"]
[BlackElo "2341"]
[Annotator "ChessBase"]
[PlyCount "89"]
[EventDate "2019.07.05"]
[EventType "swiss"]
[EventCountry "SRB"]
[SourceTitle "playchess.com"]
[Source "ChessBase"]
[SourceQuality "1"]
[TimeControl "5400+30"]

1. d4 Nf6 2. Nc3 d5 3. Bf4 Bf5 4. e3 e6 5. Nf3 Bd6 6. Ne5 h6 7. Be2 Nbd7 8. g4 Bh7 9. f3 Qe7 10. Qd2 a6 11. h4 c5 12. Nd1 Rc8 13. c3 Nb6 14. Nf2 Nfd7 15. g5 Bxe5 16. dxe5 h5 17. b3 O-O 18. Bg3 Rfd8 19. O-O Nb8 20. f4 Bg6 21. Bf3 Nc6 22. Rfd1 d4 23. Rac1 Nd5 24. cxd4 cxd4 25. exd4 Qa3 26. Kg2 Ncb4 27. Be4 Bxe4+ 28. Nxe4 Qxa2 29. Qxa2 Nxa2 30. Rxc8 Rxc8 31. Kf3 Nc1 32. Be1 Nxb3 33. Nd6 Rc7 34. f5 b5 35. Rd3 Na1 36. g6 fxg6 37. fxe6 b4 38. Ke4 Nc3+ 39. Bxc3 bxc3 40. Rxc3 Rxc3 41. e7 Rc8 42. Nxc8 Kf7 43. d5 Nb3 44. e6+ Ke8 45. d6 1-0

[Event "XII Paracin Festival 2019"]
[Site "Paracin"]
[Date "2019.07.08"]
[Round "4.9"]
[White "Tanriverdi, Enes"]
[Black "Petrov, Martin"]
[Result "1/2-1/2"]
[ECO "E15"]
[WhiteElo "2374"]
[BlackElo "2480"]
[Annotator "ChessBase"]
[PlyCount "77"]
[EventDate "2019.07.05"]
[EventType "swiss"]
[EventCountry "SRB"]
[SourceTitle "playchess.com"]
[Source "ChessBase"]
[SourceQuality "1"]
[TimeControl "5400+30"]

1. d4 Nf6 2. c4 e6 3. Nf3 b6 4. g3 Ba6 5. Qc2 c5 6. d5 exd5 7. cxd5 Bb7 8. Bg2 Nxd5 9. O-O Be7 10. Rd1 Nc6 11. Qa4 Nf6 12. Nh4 O-O 13. Nc3 g6 14. Bg5 Re8 15. Nb5 Na5 16. Nd6 Bxg2 17. Nxg2 Rf8 18. Bh6 Nc6 19. Bxf8 Qxf8 20. Ne4 Nd4 21. Nxf6+ Bxf6 22. e3 Nf3+ 23. Kh1 Bxb2 24. Rab1 Bg7 25. Rxd7 Qe8 26. Qd1 Nd4 27. Rd5 Nb5 28. Rxb5 Qxb5 29. Nf4 Qc6 30. Kg1 c4 31. Rd6 Qc5 32. Rd5 Qc6 33. Rd6 Qc5 34. Rd5 Qc8 35. Rd7 c3 36. Qd5 Qe8 37. Rxf7 Qxf7 38. Qxa8+ Bf8 39. Qc8 1/2-1/2

[Event "XII Paracin Festival 2019"]
[Site "Paracin"]
[Date "2019.07.08"]
[Round "4.10"]
[White "Apaydin, Fethi"]
[Black "Stankovic, Milos"]
[Result "1/2-1/2"]
[ECO "B10"]
[WhiteElo "2310"]
[BlackElo "2462"]
[Annotator "ChessBase"]
[PlyCount "138"]
[EventDate "2019.07.05"]
[EventType "swiss"]
[EventCountry "SRB"]
[SourceTitle "playchess.com"]
[Source "ChessBase"]
[SourceQuality "1"]
[TimeControl "5400+30"]

1. e4 c6 2. Nc3 d5 3. Nf3 dxe4 4. Nxe4 Nf6 5. Qe2 Nxe4 6. Qxe4 Qd5 7. Qf4 Qf5 8. Qe3 Qe6 9. Be2 Qxe3 10. fxe3 g6 11. O-O Bg7 12. Bc4 O-O 13. Ng5 e6 14. d4 Nd7 15. Bd2 b5 16. Be2 Bf6 17. Nf3 c5 18. Bxb5 Rb8 19. Bxd7 Bxd7 20. Bc3 cxd4 21. exd4 Bg7 22. Ne5 Bb5 23. Rf2 f6 24. Nf3 Rfc8 25. Re1 Bd7 26. Nd2 f5 27. Nb3 Bf8 28. Rd2 Rb7 29. Re5 Bd6 30. Nc5 Bxe5 31. Nxb7 Bf4 32. Re2 Kf7 33. Re1 Bb5 34. g3 Bb8 35. Na5 g5 36. Nb3 h5 37. d5 exd5 38. Nd4 Bd7 39. Nf3 g4 40. Ng5+ Kg6 41. Re7 d4 42. Bxd4 Kxg5 43. Rg7+ Kh6 44. Rxd7 Rxc2 45. Rb7 Bc7 46. Be3+ Kg6 47. Rxa7 h4 48. Ra6+ Kf7 49. Bd4 h3 50. Rf6+ Ke7 51. Rxf5 Rg2+ 52. Kh1 Rd2 53. Bf6+ Ke6 54. Rf1 Be5 55. Bxe5 Kxe5 56. Rb1 Kd5 57. a4 Kc5 58. b4+ Kb6 59. Kg1 Rg2+ 60. Kh1 Ra2 61. Kg1 Rg2+ 62. Kh1 Ra2 63. b5 Rxa4 64. Kg1 Ra2 65. Rb4 Rg2+ 66. Kh1 Rc2 67. Rb1 Ra2 68. Kg1 Rg2+ 69. Kh1 Ra2 1/2-1/2

[Event "XII Paracin Festival 2019"]
[Site "Paracin"]
[Date "2019.07.08"]
[Round "4.11"]
[White "Lajthajm, Borko"]
[Black "Baglan, Esat"]
[Result "1/2-1/2"]
[ECO "B44"]
[WhiteElo "2424"]
[BlackElo "2336"]
[Annotator "NA"]
[PlyCount "77"]
[EventDate "2019.07.05"]
[EventType "swiss"]
[EventCountry "SRB"]
[SourceTitle "playchess.com"]
[Source "ChessBase"]
[SourceQuality "1"]
[TimeControl "5400+30"]

1. e4 c5 2. Nf3 e6 3. d4 cxd4 4. Nxd4 Nc6 5. Be3 Nf6 6. Bd3 Qc7 7. Nc3 a6 8. a3 Nxd4 9. Bxd4 Bc5 10. Be2 d6 11. Qd2 b5 12. Rd1 Bb7 13. f3 O-O 14. Bxc5 dxc5 15. Qd6 Rfc8 16. Qxc7 Rxc7 17. Kf2 Kf8 18. Ke3 Bc6 19. Rd2 Ke7 20. Ra1 Rb7 21. b3 Nd7 22. a4 b4 23. Nd1 a5 24. Nb2 Nb6 25. Rad1 Rd7 26. Rxd7+ Bxd7 27. Bb5 Rd8 28. Bxd7 Rxd7 29. Rxd7+ Kxd7 30. Kd3 Kd6 31. Nc4+ Nxc4 32. Kxc4 Kc6 33. f4 Kb6 34. g4 Kc6 35. g5 Kb6 36. h4 g6 37. c3 Kc6 38. Kd3 Kc7 39. Kc4 1/2-1/2

[Event "XII Paracin Festival 2019"]
[Site "Paracin"]
[Date "2019.07.08"]
[Round "4.12"]
[White "Pastar, Slaven"]
[Black "Ratkovic, Milovan"]
[Result "0-1"]
[ECO "B10"]
[WhiteElo "2276"]
[BlackElo "2407"]
[Annotator "NA"]
[PlyCount "124"]
[EventDate "2019.07.05"]
[EventType "swiss"]
[EventCountry "SRB"]
[SourceTitle "playchess.com"]
[Source "ChessBase"]
[SourceQuality "1"]
[TimeControl "5400+30"]

1. e4 c6 2. Nc3 d5 3. Nf3 a6 4. d4 Bg4 5. Be2 e6 6. h3 Bh5 7. Ne5 Bxe2 8. Qxe2 Nf6 9. Bg5 Be7 10. O-O O-O 11. exd5 cxd5 12. Qf3 Nfd7 13. Bxe7 Qxe7 14. Rfe1 Nxe5 15. dxe5 Nc6 16. Rad1 Qb4 17. b3 Rac8 18. Nb1 Nd4 19. Qd3 Nxc2 20. Re2 Na3 21. Nxa3 Qxa3 22. f4 Qc5+ 23. Rf2 Qc3 24. Qe2 g6 25. Kh2 Qb4 26. f5 exf5 27. Rxd5 Rfd8 28. Rxd8+ Rxd8 29. Qf3 Re8 30. Re2 Qb5 31. Qe3 Re6 32. a4 Qb4 33. Rc2 Qe4 34. Rc8+ Kg7 35. Qc5 Qxe5+ 36. Qxe5+ Rxe5 37. Rc7 b5 38. Rc6 bxa4 39. bxa4 Re6 40. Rc5 Kf6 41. Kg3 g5 42. Rc7 Kg6 43. Ra7 f4+ 44. Kf3 f6 45. a5 h6 46. Ra8 Kf5 47. Ra7 h5 48. Kf2 g4 49. Rh7 g3+ 50. Kf1 Kg5 51. Rg7+ Kh4 52. Rb7 Re5 53. Rb6 Rxa5 54. Rxf6 Ra1+ 55. Ke2 Ra2+ 56. Kf1 Rf2+ 57. Kg1 a5 58. Rf5 a4 59. Ra5 Ra2 60. Kf1 a3 61. Ra4 Rf2+ 62. Kg1 a2 0-1

[Event "XII Paracin Festival 2019"]
[Site "Paracin"]
[Date "2019.07.08"]
[Round "4.13"]
[White "Lazov, Toni"]
[Black "Perunovic, Milos"]
[Result "1/2-1/2"]
[ECO "B31"]
[WhiteElo "2313"]
[BlackElo "2597"]
[Annotator "ChessBase"]
[PlyCount "98"]
[EventDate "2019.07.05"]
[EventType "swiss"]
[EventCountry "SRB"]
[SourceTitle "playchess.com"]
[Source "ChessBase"]
[SourceQuality "1"]
[TimeControl "5400+30"]

1. e4 c5 2. Nf3 Nc6 3. Bb5 g6 4. Bxc6 dxc6 5. d3 Bg7 6. h3 Nf6 7. Nc3 Nd7 8. Be3 e5 9. Qd2 h6 10. O-O b6 11. Nh2 Nf8 12. f4 exf4 13. Bxf4 Ne6 14. Be3 Nd4 15. Nd1 Be6 16. c3 Nb5 17. Nf2 Nd6 18. Nhg4 h5 19. Bg5 f6 20. Nxf6+ Bxf6 21. Bxf6 Qxf6 22. e5 Qxe5 23. Rae1 Qd5 24. Qe3 O-O-O 25. Qxe6+ Kc7 26. Re5 Rhe8 27. Qxd5 cxd5 28. Rxd5 Re2 29. b4 Nf5 30. Rxd8 Kxd8 31. bxc5 bxc5 32. Rb1 Rxa2 33. g4 hxg4 34. hxg4 Nd6 35. Kg2 c4 36. Kf3 Rc2 37. Ne4 Nxe4 38. Kxe4 Rxc3 39. Kd4 Rxd3+ 40. Kxc4 Rd7 41. Ra1 Ke7 42. Ra6 Rd6 43. Rxa7+ Kf6 44. Ra5 Rd1 45. g5+ Ke6 46. Kc3 Rd8 47. Kc2 Rd5 48. Rxd5 Kxd5 49. Kd3 Ke5 1/2-1/2